 Dungeon Crawl Stone Soup version 0.23.2-33-g5129a83184 (webtiles) character file.

Game seed: 16316335128159388720

748 kae the Spear-Bearer (level 7, -4/55 HPs)
             Began as a Merfolk Gladiator on July 25, 2019.
             Killed by divine providence
             ... invoked by an orc priest
              (13 damage)
             ... on level 5 of the Dungeon.
             The game lasted 00:04:12 (5343 turns).

kae the Spear-Bearer (Merfolk Gladiator)            Turns: 5343, Time: 00:04:13

Health: -4/55      AC: 12    Str: 14    XL:     7   Next: 77%
Magic:  7/7        EV:  6    Int: 10    God:
Gold:   196        SH:  0    Dex: 15    Spells: 6/6 levels left

rFire    + . .     SeeInvis .   a - +0 trident
rCold    + . .     Gourm    .   (no shield)
rNeg     . . .     Faith    .   u - +0 plate armour
rPois    .         Spirit   .   c - +0 helmet
rElec    .         Reflect  .   t - scarf {rC+ rF+}
rCorr    .         Harm     .   (no gloves)
MR       .....                  (no boots)
Stlth    ..........             (no amulet)
HPRegen  0.18/turn              (no ring)
MPRegen  0.10/turn              (no ring)

@: berserk cooldown, slowed, very slow
A: change form in water, swift swim, stealthy swim
a: no special abilities


You were on level 5 of the Dungeon.
You were near starving.

You visited 1 branch of the dungeon, and saw 5 of its levels.

You collected 196 gold pieces.

Inventory:

Hand Weapons
 a - a +0 trident (weapon)
 x - a +0 scythe of holy wrath
Missiles
 d - 3 throwing nets (quivered)
Armour
 b - a +0 leather armour
 c - a +0 helmet (worn)
 t - a scarf of resistance (worn)
 u - a +0 plate armour (worn)
Jewellery
 l - an uncursed amulet of harm
 p - an uncursed ring of flight
 r - a +3 ring of intelligence {unknown}
Wands
 s - a wand of iceblast (8)
Scrolls
 e - 5 scrolls of teleportation
 h - 3 scrolls of remove curse
 v - a scroll of blinking
Potions
 g - 2 potions of heal wounds
 i - 4 potions of curing
 j - 3 potions of degeneration
 k - a potion of mutation
 n - a potion of brilliance
 o - a potion of ambrosia {unknown}
 q - a potion of agility {unknown}
Comestibles
 f - 5 rations


   Skills:
 + Level 4.6 Fighting
 * Level 9.0 Polearms
 - Level 2.0 Throwing
 + Level 2.0 Armour
 + Level 6.4 Dodging


You had 6 spell levels left.
You didn't know any spells.
Your spell library contained the following spells:

 Spells                   Type           Power        Failure   Level  Hunger
 Animate Skeleton         Necr           N/A          100%        1    ##.....
 Apportation              Tloc           #.....       100%        1    ##.....
 Confusing Touch          Hex            #.....       100%        1    ##.....
 Summon Small Mammal      Summ           #...         100%        1    ##.....


Dungeon Overview and Level Annotations

Branches:
Dungeon (5/15)
 Temple: D:4-7

Altars:
Cheibriados
Nemelex Xobeh
Uskayaw
Vehumet
Yredelemnul


Message History

The sky beast flickers out of sight!
Deactivating autopickup; reactivate with Ctrl-A.
Something hits you but does no damage.
The orc priest looks braver for a moment.
Something hits you but does no damage.
You closely miss something.
A sky beast appears from thin air!
Reactivating autopickup.
The sky beast hits you.
* * * LOW HITPOINT WARNING * * *
The sky beast shocks you.
* * * LOW HITPOINT WARNING * * *
You puncture the sky beast!
You kill the sky beast!
Your Polearms skill increases to level 9!
Your Armour skill increases to level 2!
You hit the orc priest but do no damage.
The orc priest looks encouraged for a moment.
The orc priest calls down the wrath of Beogh upon you.
Beogh smites you!
You die...

#.# .# ..#._. #
.###.# .# ..... .
.......####.# ....#.
#..##..##...# ...K.
.........>#
##...#### #..##...#
#Y.o%.... #.......#
#....#
##.###.######...P###
#.# #....@o...PP....
#.# ########...#.###
#.# ##.## .. #.# ...
. #.###########.###
#.............#
#####.###.## ##
#..<.# #.####


You could see an orc priest.

Vanquished Creatures
  Sigmund (D:4)
  A sky beast (D:5)
  A phantom (D:4)
  An ogre (D:4)
  An orc priest (D:4)
  A bullfrog skeleton (D:4)
  A hound (D:4)
  Terence (D:3)
  3 worker ants (D:4)
  A hound skeleton (D:4)
  2 oozes
  An adder skeleton (D:4)
  An adder zombie (D:5)
  4 worms
  2 dart slugs
  2 leopard geckos
  10 orcs
  3 giant cockroaches
  6 goblins
  7 hobgoblins
  8 jackals
  4 quokkas
  11 bats
  3 frilled lizards
  7 kobolds
  11 rats
  A plant (D:4)
95 creatures vanquished.

Notes
Turn   | Place    | Note
-------+----------+-------------------------------------------
     0 | D:1      | kae the Merfolk Gladiator began the quest for the Orb.
     0 | D:1      | Reached XP level 1. HP: 16/16 MP: 1/1
   137 | D:1      | Reached XP level 2. HP: 23/23 MP: 2/2
   169 | D:1      | Reached skill level 5 in Polearms
   330 | D:1      | Found a sparkling altar of Nemelex Xobeh.
   631 | D:1      | Reached XP level 3. HP: 27/28 MP: 3/3
  1148 | D:2      | Found a basalt altar of Yredelemnul.
  1633 | D:3      | Reached XP level 4. HP: 33/34 MP: 4/4
  1720 | D:3      | Noticed Terence
  1743 | D:3      | Killed Terence
  1743 | D:3      | Reached skill level 6 in Polearms
  2369 | D:3      | Reached skill level 5 in Dodging
  2756 | D:4      | Found a snail-covered altar of Cheibriados.
  2759 | D:4      | Reached XP level 5. HP: 41/41 MP: 5/5
  3702 | D:4      | Reached skill level 7 in Polearms
  3807 | D:4      | Found a hide-covered altar of Uskayaw.
  3835 | D:4      | Reached XP level 6. HP: 17/47 MP: 6/6
  4077 | D:4      | Reached skill level 1 in Armour
  4281 | D:4      | Noticed a phantom
  4299 | D:4      | Killed a phantom
  4321 | D:4      | Reached skill level 8 in Polearms
  4401 | D:4      | Reached XP level 7. HP: 51/54 MP: 7/7
  4499 | D:4      | Noticed Sigmund
  4552 | D:4      | Killed Sigmund
  5270 | D:5      | Entered Level 5 of the Dungeon
  5293 | D:5      | Found a radiant altar of Vehumet.
  5342 | D:5      | Reached skill level 9 in Polearms
  5343 | D:5      | Killed from afar by an orc priest

Skill      XL: |  1  2  3  4  5  6  7 |
---------------+----------------------+-----
Polearms       | 5 6 7 8 9 |  9.0
Fighting       | 3 4 |  4.6
Dodging        | 5 6 |  6.4
Armour         | 1 2 |  2.0
Throwing       | |  2.0

Action                   |  1- 3 |  4- 6 |  7- 9 || total
-------------------------+-------+-------+-------++-------
Melee: Trident           |   112 |   229 |   107 ||   448
       Tailslap          |       |       |     7 ||     7
Evoke: Wand              |       |     2 |     1 ||     3
  Use: Scroll            |     9 |     2 |     1 ||    12
       Potion            |       |     1 |     1 ||     2
 Stab: Sleeping          |     3 |     2 |       ||     5
  Eat: Chunk             |     1 |     7 |     1 ||     9
       Ration            |       |     1 |       ||     1
Armor: Leather armour    |    25 |    29 |       ||    54
       Plate armour      |       |    46 |    39 ||    85
Dodge: Dodged            |    54 |   118 |    19 ||   191
